 Dungeon Crawl Stone Soup version 0.27-a0-242-ge0fc76b88b (webtiles) character file.

Game seed: 18014318126805931192

5 tsouns the Sneak (level 1, -4/20 HPs)
             Began as a Hill Orc Delver on Feb 2, 2021.
             Was a Follower of Jiyva.
             Slain by a human zombie (6 damage)
             ... in an ossuary.
             The game lasted 00:02:17 (386 turns).

tsouns the Sneak (Hill Orc Delver)                   Turns: 386, Time: 00:02:17

Health: -4/20      AC:  4    Str: 14    XL:     1   Next: 80%
Magic:  1/1        EV: 11    Int: 10    God:    Jiyva [*.....]
Gold:   16         SH:  0    Dex: 12    Spells: 0/0 levels left

rFire    . . .     SeeInvis .   a - +0 hand axe
rCold    . . .     Faith    .   (no shield)
rNeg     . . .     Spirit   .   b - +0 leather armour
rPois    .         Reflect  .   (no helmet)
rElec    .         Harm     .   (no cloak)
rCorr    .         Rampage  .   (no gloves)
Will     .....                  d - +0 pair of boots
Stlth    ++........             (no amulet)
HPRegen  0.06/turn              (no ring)
MPRegen  0.07/turn              (no ring)

@: no status effects
A: no striking features
a: Renounce Religion, Request Jelly


You were in an ossuary.
You worshipped Jiyva.
Jiyva was aware of your devotion.
You visited 2 branches of the dungeon, and saw 3 of its levels.
You also visited: Ossuary.

You collected 16 gold pieces.

Inventory:

Hand Weapons
 a - a +0 hand axe (weapon)
Armour
 b - a +0 leather armour (worn)
 d - a +0 pair of boots (worn)
Wands
 g - a wand of digging (3)
Scrolls
 c - a scroll of fog
 e - a scroll of fear


   Skills:
 + Level 3.9 Fighting
 + Level 3.1 Axes
 - Level 1.5 Dodging
 - Level 4.1 Stealth


You couldn't memorise any spells.
You didn't know any spells.
Your spell library was empty.

Dungeon Overview and Level Annotations

Branches:
Dungeon (5/15)             Temple (1/1) D:5         Ossuary (1/1)

Altars:
Ashenzari
Dithmenos
Hepliaklqana
Trog
Uskayaw
Wu Jian
Yredelemnul
Jiyva


Message History

The centaur zombie barely misses you.
You barely miss the human zombie.
The human zombie is severely damaged.
You barely miss the centaur zombie. The centaur zombie hits you.
* * * LOW HITPOINT WARNING * * *
The human zombie closely misses you. The centaur zombie hits you.
* * * LOW HITPOINT WARNING * * *
You hit the human zombie.
The human zombie is severely damaged.
You hit the centaur zombie. The human zombie closely misses you.
The centaur zombie completely misses you.
You hear a distant slurping noise.
Jiyva appreciates your sacrifice.
Unknown command.
You aren't carrying any potions.
You barely miss the human zombie.
The human zombie is severely damaged.
You hit the centaur zombie. The centaur zombie closely misses you.
The human zombie hits you.
You die...

. ... #.# #.#
###.###
##.....##
#.....Z.#
##...∩.@.###..
+...∩∩∩.Z......
##...∩...###...
#.......# .
##.....##
###.### #+#


You could see a centaur zombie (corroded) and a human zombie (corroded).

Vanquished Creatures
  4 jackals (D:5)
4 creatures vanquished.

Vanquished Creatures (others)
  4 jellies (Ossuary)
4 creatures vanquished.

Grand Total: 8 creatures vanquished

Notes
Turn   | Place    | Note
-------+----------+-------------------------------------------
     0 | D:5      | tsouns the Hill Orc Delver began the quest for the Orb.
     0 | D:5      | Reached XP level 1. HP: 19/19 MP: 1/1
    59 | D:5      | Noticed an ice beast
    92 | D:5      | Found a staircase to the Ecumenical Temple.
    98 | D:5      | Noticed an orc priest
   101 | Temple   | Entered the Ecumenical Temple
   169 | Temple   | Became a worshipper of Jiyva Jyopoh the Shapeless
   206 | D:4      | Noticed a phantom
   264 | D:5      | Found a sand-covered staircase.
   276 | Ossuary  | Entered an ossuary
   380 | Ossuary  | Reached * piety under Jiyva
   386 | Ossuary  | Slain by a human zombie

Illustrated notes

Levels and vault maps discovered:
D:4:      old_forge, layout_basic
D:5:      minmay_chambers_of_fours, layout_basic, zin_purify,
          minmay_temple_entry_slanted, serial_shops, kennysheep_mini_moat,
          lightli_ossuary_entry_decrepit_ruins, uniq_blork_the_orc
Temple:   pf_slime_end_temple
Ossuary:  ossuary_minmay_four_chambers

Skill      XL: |  1 |
---------------+----+-----
Axes           | 3 |  3.1
Fighting       | |  3.9
Dodging        | |  1.5
Stealth        | |  4.1

Action                   || total
-------------------------++-------
Melee: Hand axe          ||    29
  Use: Scroll            ||     1
       Potion            ||     1
Armor: Leather armour    ||     9
Dodge: Dodged            ||    25

Table legend: (Time is in decaauts)
 A = Elapsed time spent in this place.
 B = Non-inter-level travel time spent in this place.
 C = Inter-level travel time spent in this place.
 D = Time resting spent in this place.
 E = Time spent auto-exploring this place.
 F = Levels seen in this place.
 G = Mean time per level.
                   A        B        C        D        E       F      G
               +--------+--------+--------+--------+--------+-----+--------+
         Total |    371 |    366 |      5 |      0 |    193 |   4 |   92.8 |
       Dungeon |    184 |    179 |      5 |      0 |     44 |   2 |   92.0 |
        Temple |     86 |     86 |      0 |      0 |     61 |   1 |   86.0 |
       Ossuary |    100 |    100 |      0 |      0 |     88 |   1 |  100.0 |
               +--------+--------+--------+--------+--------+-----+--------+

Top non-repeatable levels by time:
     D:5: 183 daAuts
 Ossuary: 100 daAuts
  Temple: 86 daAuts
     D:4: 1 daAuts
